Map: Ruins of Seras

Players

LiquidTLO (TLO)

  • Race: Zerg Zerg
  • League: Grandmaster

iGiAsonu (iAsonu) - Winner!

  • Race: Zerg Zerg

Event: 2016 WCS Winter Circuit Championship

VOD

Have the link to the VOD?

Description

Time

  • Played on: March 3, 2016, 7:33 a.m.
  • Length: 9:47

All games in this series

Show
View Real Time Build Order
Export as new Build Order

LiquidTLO Zerg 

Build Orders: Hatch First 

Get SALT Encoding   

  12  0:01  Drone  
  13  0:12  Overlord  
  13  0:18  Drone  
  14  0:31  Drone x2  
  14  0:35  Drone  
  17  0:53  Hatchery  
  17  0:56  Drone  
  17  1:02  Drone  
  17  1:03  Extractor  
  17  1:15  Spawning Pool  
  16  1:19  Drone  
  16  1:22  Drone  
  18  1:29  Drone  
  19  1:40  Overlord  
  19  1:50  Drone  
  20  2:00  Drone  
  21  2:02  Queen  
  21  2:05  Queen, Drone  
  26  2:11  Drone  
  27  2:17  Drone  
  28  2:24  Drone  
  29  2:33  Hatchery  
  28  2:37  Drone  
  28  2:38  Drone  
  28  2:43  Metabolic Boost  
  30  2:46  Zergling x2  
  31  2:52  Baneling Nest  
  31  2:54  Zergling x2  
  31  2:58  Overlord  
  31  3:03  Drone x2  
  33  3:06  Drone  
  33  3:12  Drone  
  35  3:13  Overlord  
  35  3:17  Drone  
  35  3:18  Drone  
  37  3:23  Overlord  
  37  3:25  Drone  
  38  3:27  Drone  
  38  3:31  Zergling x4  
  41  3:34  Drone  
  41  3:36  Drone  
  41  3:38  Baneling  
  43  3:43  Extractor  
  43  3:44  Lair  
  43  3:46  Drone  
  43  3:48  Drone  
  44  3:52  Drone x2  
  46  3:57  Drone  
  46  3:58  Extractor  
  46  4:00  Roach Warren  
  46  4:01  Drone  
  46  4:03  Drone  
  46  4:05  Extractor  
  46  4:08  Overlord  
  46  4:10  Drone  
  46  4:15  Drone  
  47  4:18  Drone x2  
  47  4:19  Drone  
  47  4:23  Drone  
  51  4:25  Drone x3  
  51  4:30  Overlord  
  54  4:34  Overlord  
  54  4:40  Glial Reconstitution  
  54  4:44  Overseer  
  54  4:46  Spire  
  54  4:48  Drone  
  54  4:49  Drone  
  54  4:51  Drone x2  
  54  4:52  Drone  
  58  4:58  Queen  
  60  5:05  Drone  
  61  5:11  Drone x3  
  61  5:12  Drone x3  
  67  5:16  Extractor x2, Drone x4  
  67  5:18  Overlord  
  69  5:23  Overlord  
  69  5:25  Overlord  
  69  5:31  Overlord  
  69  5:35  Roach x2  
  73  5:36  Roach  
  73  5:38  Roach  
  73  5:40  Roach  
  81  5:43  Roach  
  81  5:44  Roach, Zergling x2  
  81  5:45  Roach  
  81  5:49  Roach  
  89  5:54  Roach  
  89  5:55  Roach x2  
  89  5:56  Roach x2  
  98  5:57  Baneling x4  
  98  6:01  Roach  
  98  6:02  Roach  
  99  6:05  Roach  
  99  6:06  Roach  
  99  6:08  Roach, Ravager  
  99  6:09  Ravager  
  99  6:11  Roach  
  105  6:12  Ravager  
  105  6:17  Ravager  
  102  6:26  Roach  
  102  6:27  Spire  
  102  6:28  Roach x2  
  102  6:29  Drone x2  
  102  6:30  Drone x4  
  102  6:31  Roach  
  106  6:36  Overlord  
  106  6:39  Overlord x2  
  106  6:41  Overlord  
  106  6:49  Overlord  
  106  6:51  Overlord  
  106  6:52  Overlord  
  106  6:54  Overlord  
  106  6:57  Drone  
  106  6:58  Roach  
  106  7:00  Roach  
  111  7:04  Roach  
  111  7:05  Roach  
  115  7:08  Drone  
  115  7:09  Drone x2  
  118  7:15  Queen  
  118  7:18  Ravager x2  
  118  7:19  Roach  
  118  7:20  Roach x2  
  118  7:22  Roach  
  130  7:23  Ravager  
  130  7:24  Ravager  
  130  7:26  Roach  
  130  7:27  Roach  
  136  7:31  Roach  
  136  7:33  Roach  
  136  7:36  Roach  
  142  7:39  Zerg Flyer Weapons Level 1, Mutalisk  
  142  7:40  Mutalisk  
  146  7:44  Mutalisk  
  146  7:47  Mutalisk  
  146  7:49  Mutalisk  
  152  7:54  Mutalisk  
  154  7:59  Mutalisk  
  148  8:06  Mutalisk  
  148  8:12  Mutalisk  
  151  8:13  Drone  
  151  8:14  Drone x4  
  156  8:26  Overlord  
  153  8:28  Mutalisk  
  153  8:30  Overlord x3  
  153  8:33  Mutalisk  
  154  8:40  Mutalisk  
  146  8:46  Mutalisk  
  122  8:54  Mutalisk  
Show
View Real Time Build Order
Export as new Build Order

iGiAsonu Zerg - Winner!

Build Orders: Hatch First 

Get SALT Encoding   

  12  0:01  Drone  
  13  0:12  Overlord  
  13  0:17  Drone  
  14  0:31  Drone x2  
  16  0:36  Drone  
  17  0:53  Hatchery  
  17  0:56  Drone  
  17  0:59  Drone  
  18  1:09  Extractor  
  17  1:15  Spawning Pool  
  17  1:17  Drone  
  17  1:21  Drone  
  18  1:28  Drone  
  19  1:39  Drone  
  20  1:50  Overlord  
  20  2:01  Queen  
  20  2:05  Queen  
  24  2:08  Drone  
  24  2:09  Drone  
  24  2:14  Zergling x2  
  27  2:16  Drone  
  28  2:26  Drone  
  29  2:30  Drone  
  29  2:34  Overlord  
  30  2:37  Queen  
  30  2:40  Drone  
  33  2:45  Drone  
  33  2:46  Queen  
  36  2:51  Spine Crawler  
  36  2:53  Drone  
  36  2:55  Drone  
  37  2:59  Roach Warren  
  37  3:04  Drone  
  37  3:06  Overlord  
  37  3:09  Drone  
  37  3:11  Drone  
  38  3:14  Drone  
  39  3:20  Lair  
  39  3:22  Drone  
  39  3:25  Drone  
  41  3:29  Drone x2  
  41  3:32  Evolution Chamber  
  42  3:35  Drone  
  42  3:37  Drone x2  
  42  3:40  Drone  
  46  3:43  Overlord  
  46  3:46  Roach  
  48  3:49  Extractor  
  48  3:52  Roach  
  48  3:53  Roach  
  51  3:56  Overlord  
  51  3:58  Extractor  
  51  4:01  Zerg Missile Weapons Level 1  
  51  4:02  Drone  
  51  4:04  Drone  
  51  4:07  Roach  
  51  4:09  Drone  
  55  4:14  Drone  
  55  4:15  Drone  
  57  4:18  Drone  
  57  4:21  Overseer  
  58  4:25  Drone  
  58  4:26  Extractor  
  58  4:27  Glial Reconstitution  
  58  4:42  Overlord x2  
  58  4:43  Hatchery  
  58  4:44  Roach  
  58  4:45  Roach  
  61  4:52  Drone x2  
  63  4:53  Drone, Overlord  
  63  4:59  Roach  
  68  5:00  Roach  
  68  5:03  Overlord  
  68  5:10  Overlord  
  68  5:12  Roach x2  
  72  5:15  Overlord  
  72  5:18  Roach  
  74  5:25  Roach x2  
  74  5:28  Overlord  
  78  5:30  Roach  
  78  5:33  Roach  
  82  5:41  Roach  
  82  5:42  Roach x3  
  90  5:47  Roach  
  92  5:52  Spire  
  92  5:54  Roach  
  93  5:58  Roach  
  93  5:59  Roach  
  97  6:06  Roach x3  
  103  6:15  Roach  
  103  6:16  Roach  
  103  6:19  Roach x3  
  103  6:20  Drone  
  110  6:26  Drone x2  
  110  6:33  Drone  
  110  6:35  Drone  
  110  6:37  Drone  
  110  6:39  Roach x2  
  113  6:48  Roach  
  113  6:51  Overlord  
  113  6:52  Drone  
  114  6:56  Drone  
  114  7:00  Overlord  
  115  7:04  Drone x2  
  115  7:08  Extractor  
  115  7:09  Extractor  
  115  7:10  Zerg Flyer Weapons Level 1, Mutalisk x5  
  115  7:13  Mutalisk  
  125  7:15  Mutalisk  
  125  7:18  Drone  
  125  7:22  Mutalisk  
  130  7:24  Drone x2  
  130  7:28  Drone x2  
  130  7:29  Overlord  
  134  7:34  Mutalisk  
  134  7:36  Overlord  
  136  7:39  Overlord  
  136  7:43  Drone  
  136  7:44  Drone  
  138  7:45  Overlord  
  138  7:50  Mutalisk x2  
  142  7:54  Overlord  
  142  7:55  Mutalisk  
  144  8:06  Mutalisk x2  
  144  8:10  Roach x3  
  154  8:17  Mutalisk  
  154  8:19  Overlord  
  156  8:35  Mutalisk x3  
  155  8:43  Roach  
  155  8:44  Roach x4  
  152  8:55  Mutalisk  
  136  8:57  Zergling x2  
  136  8:58  Zergling x10  
Tags
 
Add a new tag
Caveats
  • Supply blocks, unpowered buildings, or Contaminate may cause inaccurate times.
  • Supply counts are checked every 10 seconds.